 Dungeon Crawl Stone Soup version 0.29-a0-909-g30c7767f5c (webtiles) character file.

Game seed: 1592565401793590914

1449881 CannotBeFrozen the Executioner (level 27, 231/231 HPs)
             Began as a Human Fighter on July 24, 2022.
             Was the Champion of the Shining One.
             Escaped with the Orb
             ... and 3 runes on July 25, 2022!
             The game lasted 04:20:29 (94621 turns).

CannotBeFrozen the Executioner (Human Fighter)     Turns: 94621, Time: 04:20:29

Health: 231/231    AC: 34    Str: 34    XL:     27
Magic:  39/39      EV: 23    Int: 11    God:    the Shining One [******]
Gold:   4244       SH: 14    Dex: 21    Spells: 21/51 levels left

rFire   + + .      SeeInvis +   a - +6 executioner's axe (freeze)
rCold   . . .      Faith    .   (shield currently unavailable)
rNeg    + + +      Spirit   .   r - +8 chain mail "Lulim" {rPois Slay+3 SInv}
rPois   +          Reflect  .   (helmet restricted)
rElec   .          Harm     .   B - +2 cloak
rCorr   +          Rampage  +   o - +0 pair of gloves of Maehyp {rF- rCorr Slay+4}
Will    +++++                   N - +0 pair of boots of Qyessa Hodgh {Will++ Str+4}
Stlth   ..........              J - amulet of Oxickujig {Acrobat Rampage rF+}
HPRegen 0.48/turn               T - ring of Oroy {rF+ Will+ Dex+6}
MPRegen 0.26/turn               W - ring of Buirphaa {Fly rF+ Str+4}

@: divinely shielded, flying, glowing, studying Staves
A: horns 1, talons 1, iridescent scales 2
0: Orb of Zot
}: 3/15 runes: serpentine, barnacled, silver
a: Renounce Religion, Divine Shield, Cleansing Flame, Summon Divine Warrior,
Brand Weapon With Holy Wrath


You escaped.
You worshipped the Shining One.
The Shining One was exalted by your worship.
You visited 11 branches of the dungeon, and saw 51 of its levels.
You visited 1 bazaar.
You also visited: Sewer and Wizlab.

You collected 9415 gold pieces.
You spent 5171 gold pieces at shops.

Inventory:

Hand Weapons
 a - a +6 executioner's axe of freezing (weapon)
 b - a +2 battleaxe of flaming
Missiles
 f - 8 throwing nets {=f=F}
 P - 62 poisoned darts
Armour
 o - the +0 pair of gloves of Maehyp (worn) {rF- rCorr Slay+4}
   (You bought it in a shop on level 5 of the Vaults)

   Slay:      It affects your accuracy & damage with ranged weapons and melee
   (+4).
   rF:        It makes you vulnerable to fire.
   rCorr:     It protects you from acid and corrosion.
 p - the +0 helmet of Juhimil {rC+ Str+7 Dex+2}
   (You bought it in a shop on level 5 of the Vaults)

   Str:       It affects your strength (+7).
   Dex:       It affects your dexterity (+2).
   rC:        It protects you from cold.
 r - the +8 chain mail "Lulim" (worn) {rPois Slay+3 SInv}
   (You found it on level 4 of the Lair of Beasts)

   Slay:      It affects your accuracy & damage with ranged weapons and melee
   (+3).
   rPois:     It protects you from poison.
   SInv:      It lets you see invisible.
 B - a +2 cloak (worn)
 D - the +4 chain mail of Yesterday {rPois rF+ Will+ Int+4 Dex+3}
   (You bought it in a shop on level 6 of the Dungeon)

   Int:       It affects your intelligence (+4).
   Dex:       It affects your dexterity (+3).
   rF:        It protects you from fire.
   rPois:     It protects you from poison.
   Will:      It increases your willpower.
 N - the +0 pair of boots of Qyessa Hodgh (worn) {Will++ Str+4}
   (You found it on level 7 of the Dungeon)

   Str:       It affects your strength (+4).
   Will:      It greatly increases your willpower.
Jewellery
 J - the amulet of Oxickujig (around neck) {Acrobat Rampage rF+}
   (You found it on level 5 of the Dungeon)

   [amulet of the acrobat]

   It increases your evasion while moving and waiting.
   rF:        It protects you from fire.
   Rampage:   It bestows one free step when moving towards enemies.
 T - the ring of Oroy (left hand) {rF+ Will+ Dex+6}
   (You found it on level 4 of the Shoals)

   [ring of protection from fire]

   Dex:       It affects your dexterity (+6).
   rF:        It protects you from fire.
   Will:      It increases your willpower.
 W - the ring of Buirphaa (right hand) {Fly rF+ Str+4}
   (You found it in a wizard's laboratory)

   [ring of flight]

   Str:       It affects your strength (+4).
   rF:        It protects you from fire.
   Fly:       It grants you flight.
 Y - the ring of Tuorutopt {rElec EV+4 Int+4}
   (You found it in a wizard's laboratory)

   [ring of evasion]

   EV:        It affects your evasion (+4).
   Int:       It affects your intelligence (+4).
   rElec:     It insulates you from electricity.
Wands
 d - a wand of iceblast (8)
 l - a wand of flame (50)
 A - a wand of mindburst (26)
 G - a wand of digging (9)
 H - a wand of polymorph (23)
 O - a wand of paralysis (32)
 R - a wand of acid (8)
Scrolls
 e - 8 scrolls of enchant armour
 g - 8 scrolls of vulnerability
 j - a scroll of blinking
 k - 7 scrolls of teleportation {@r2}
 s - 3 scrolls of summoning
 t - 32 scrolls of identify {@r1}
 y - 2 scrolls of butterflies
 C - 2 scrolls of amnesia
 E - a scroll of enchant weapon
 K - 4 scrolls of poison
 L - 5 scrolls of fear
 Q - 3 scrolls of silence
Potions
 c - 6 potions of might
 h - 12 potions of magic
 i - 4 potions of haste
 m - 3 potions of resistance
 n - 7 potions of brilliance
 q - 2 potions of mutation
 u - 26 potions of curing {@q1}
 v - 5 potions of lignification
 z - 7 potions of flight
 F - 7 potions of heal wounds {@q2}
 M - 8 potions of attraction
 V - a potion of cancellation
Miscellaneous
 w - a lightning rod (4/4)
 x - a box of beasts
 S - a phial of floods


   Skills:
 - Level 22.0 Fighting
 - Level 2.1 Long Blades
 - Level 24.0 Axes
 - Level 20.0 Armour
 - Level 20.0 Dodging
 - Level 4.0 Shields
 + Level 12.5 Spellcasting
 + Level 16.9 Translocations
 - Level 10.5 Transmutations
 - Level 10.5 Earth Magic
 - Level 20.0 Invocations


You had 21 spell levels left.
You knew the following spells:

 Your Spells              Type           Power      Damage    Failure   Level
a - Apportation           Tloc           88%        N/A       1%          1
b - Lesser Beckoning      Tloc           44%        N/A       1%          3
d - Dispersal             Tloc           22%        N/A       3%          6
i - Irradiate             Conj/Tmut      9%         3d14      58%         5
m - Manifold Assault      Tloc           44%        N/A       1%          5
s - Statue Form           Tmut/Erth      20%        N/A       43%         6
w - Wereblood             Tmut           30%        N/A       1%          2
z - Blink                 Tloc           88%        N/A       1%          2

Your spell library contained the following spells:

 Spells                   Type           Power      Damage    Failure   Level
 Sandblast                Erth           60%        2d14      1%          1
 Passwall                 Tmut/Erth      25%        N/A       1%          2
 Gell's Gravitas          Tloc           44%        N/A       1%          3
 Teleport Other           Tloc           44%        N/A       1%          3
 Passage of Golubria      Tloc           44%        N/A       1%          4
 Sting                    Tmut/Pois      72%        1d6       2%          1
 Petrify                  Tmut/Erth      30%        N/A       3%          4
 Spider Form              Tmut/Pois      18%        N/A       8%          3
 Stone Arrow              Conj/Erth      36%        3d9       8%          3
 Blade Hands              Tmut           15%        N/A       9%          5
 Ignite Poison            Fire/Tmut/Pois 14%        N/A       17%         3
 Freeze                   Ice            24%        1d5       24%         1
 Magic Dart               Conj           24%        1d4       24%         1
 Shock                    Conj/Air       24%        1d4       24%         1
 Animate Armour           Summ/Erth      36%        N/A       26%         4
 Ice Form                 Ice/Tmut       18%        N/A       26%         4
 Ensorcelled Hibernation  Hex/Ice        12%        N/A       34%         2
 Poisonous Vapours        Pois/Air       12%        N/A       34%         2
 Scorch                   Fire           12%        2d5       34%         2
 Searing Ray              Conj           12%        2d4       34%         2
 Static Discharge         Conj/Air       6%         3-4/arc   34%         2
 Sublimation of Blood     Necr           6%         N/A       34%         2
 Conjure Flame            Conj/Fire      6%         6-21      56%         3
 Dazzling Flash           Conj/Hex       12%        N/A       56%         3
 Frozen Ramparts          Ice            12%        1d3       56%         3
 Inner Flame              Hex/Fire       6%         N/A       56%         3
 Mephitic Cloud           Conj/Pois/Air  6%         N/A       56%         3
 Ozocubu's Armour         Ice            6%         N/A       56%         3
 Tukima's Dance           Hex            6%         N/A       56%         3
 Alistair's Intoxication  Tmut/Pois      12%        N/A       58%         5
 Yara's Violent Unravell  Hex/Tmut       9%         3d6       58%         5
 Disjunction              Tloc           22%        N/A       82%         8
 Airstrike                Air            3%         0-2+      93%         4
 Anguish                  Hex/Necr       3%         N/A       93%         4
 Cause Fear               Hex            3%         N/A       93%         4
 Flame Wave               Conj/Fire      6%         2d5       93%         4
 Fulminant Prism          Conj/Hex       3%         3d6       93%         4
 Hailstorm                Conj/Ice       6%         3d4       93%         4
 Olgreb's Toxic Radiance  Pois           6%         N/A       93%         4
 Sticky Flame             Conj/Fire      6%         2d3       93%         4
 Summon Ice Beast         Ice/Summ       6%         N/A       93%         4
 Summon Lightning Spire   Summ/Air       6%         N/A       93%         4
 Dragon Form              Tmut           15%        N/A       95%         7
 Agony                    Necr           6%         N/A       100%        5
 Fireball                 Conj/Fire      3%         3d4       100%        5
 Freezing Cloud           Conj/Ice/Air   3%         6-21      100%        5
 Lightning Bolt           Conj/Air       3%         1d14      100%        5
 Metabolic Englaciation   Hex/Ice        3%         N/A       100%        5
 Silence                  Hex/Air        3%         N/A       100%        5
 Conjure Ball Lightning   Conj/Air       3%         3x3d6     100%        6
 Simulacrum               Ice/Necr       3%         N/A       100%        6
 Starburst                Conj/Fire      3%         6d3       100%        6
 Summon Cactus Giant      Summ           3%         N/A       100%        6
 Ozocubu's Refrigeration  Ice            3%         4d5       100%        7
 Storm Form               Tmut/Air       9%         N/A       100%        7
 Summon Hydra             Summ           3%         N/A       100%        7
 Discord                  Hex            3%         N/A       100%        8
 Ignition                 Fire           3%         3d4       100%        8
 Lehudib's Crystal Spear  Conj/Erth      9%         10d4      100%        8
 Maxwell's Capacitive Co  Air            3%         ∞         100%        8
 Necromutation            Tmut/Necr      9%         N/A       100%        8
 Chain Lightning          Conj/Air       3%         3d4       100%        9
 Dragon's Call            Summ           3%         N/A       100%        9
 Fire Storm               Conj/Fire      3%         8d1       100%        9
 Shatter                  Erth           15%        3d15*     100%        9


Dungeon Overview and Level Annotations

Branches:
Dungeon (15/15)            Temple (1/1) D:6            Lair (5/5) D:9
 Shoals (4/4) Lair:3        Snake (4/4) Lair:2        Slime (0/5) Lair:5
    Orc (2/2) D:11            Elf (3/3) Orc:2        Vaults (5/5) D:14
  Crypt (3/3) Vaults:3       Tomb (0/3) Crypt:3      Depths (4/4) D:15
    Zot (5/5) Depths:4      Sewer (visited)          WizLab (visited)

Altars:
Ashenzari
Cheibriados
Dithmenos
Elyvilon
Fedhas
Gozag
Hepliaklqana
Kikubaaqudgha
Makhleb
Nemelex Xobeh
Okawaru
Qazlal
Ru
Sif Muna
Trog
Uskayaw
Vehumet
Wu Jian
Xom
Yredelemnul
Zin
The Shining One
Jiyva
Lugonu

Shops:
D:6 ?*   D:14 *   Orc:2 [*(=?   Elf:1 =   Elf:2 [   Elf:3 ?   Shoals:1 [
Shoals:3 *   Snake:2 (   Snake:3 [(   Snake:4 =:=   Vaults:2 (   Vaults:3 (
Vaults:4 !   Vaults:5 ![[![   Depths:2 :

Portals:
Hell: Depths:1 Depths:2 Depths:3 Depths:4
Abyss: Depths:2 Depths:3 Depths:4
Pandemonium: Depths:2
Ziggurat: Depths:1

Annotations:
Elf:2 3 runed translucent doors, DungeonMaster's ghost, adept DsHW
Zot:1 3 transporters


Innate Abilities, Weirdness & Mutations

You have a pair of small horns on your head.
You have sharp toenails.
You are mostly covered in iridescent scales. (AC +4)


Message History

You kill the orange demon!
The Shining One accepts your kill.
You rampage towards the orange demon!
You slice the orange demon like a ripe choko!!!
You freeze the orange demon!
You kill the orange demon!
The Shining One accepts your kill.
The Shining One blesses your daeva with more time in this world.
No target in view!
Unknown command.
There is an open door here.
There is a stone staircase leading up here.
You fly upwards.
There is a stone staircase leading down here.
A shadow demon comes into view.
You slice the shadow demon like a ripe choko!!!
You headbutt the shadow demon.
The shadow demon is severely wounded.
You block the shadow demon's attack.
You slash the shadow demon! You headbutt the shadow demon.
The shadow demon is almost dead.
You carve the shadow demon like a ham!!!
You kill the shadow demon!
The Shining One accepts your kill.
Your extra speed is starting to run out.
There is an open door, spattered with blood here.
You see here a +0 club.
You feel yourself slow down.
There is an open door here.
There is a dry fountain here.
There is an open door here.
There is an open door here.
There is an open door here.
There is an open door here.
There is a dry fountain here.
You feel a little less mighty now.
There is an open door here.
There is a staircase leading out of the dungeon here.
There is a staircase leading out of the dungeon here.
You have escaped!

.#######.######....................
...............................####
#########'###########)##......## #
#...#...#...#...#......#####
#...'...'.⌠.'...#...........
#...#...#...#...#..#...#####
##'##############.........##
#...#...#...#...#.......#.##
#...'.⌠.'.@.#...#..#....#...
########...#...#...#...#..#....#.##
#.....###'#######'###'##..#........
.......#...#...#...#...#.......####
#......'...#...'...#...#.......####
......##...#...#...#...#..#.#......
.≈.≈..###'###########'##..#.#..####
.≈⌠.^.##...#...#...#...#..#.#..####
.≈≈..[##...'...'...'...#...........


There were no monsters in sight!

Vanquished Creatures
  2 dread liches
  Mara (Vaults:2)
  A pandemonium lord (D:2)
  3 orbs of fire
  A juggernaut (Depths:3)
  Sojobo (Depths:2)
  Boris (twice) (Vaults:3 Crypt:2)
  9 Killer Klowns (Zot:5)
  2 curse toes
  Xtahua (Depths:3)
  A caustic shrike (Depths:2)
  3 golden dragons
  2 bone dragons
  5 electric golems
  Jorgrun (Snake:1)
  An Ice Fiend (D:13)
  Rupert (Lair:4)
  11 tentacled monstrosities
  5 liches
  Mlioglotl (Shoals:4)
  2 titans (Vaults:4)
  28 Orb Guardians
  Asterion (Depths:1)
  3 deep elf blademasters
  An ancient champion (Crypt:1)
  2 quicksilver dragons
  3 deep elf master archers (Elf:3)
  Frances (Shoals:1)
  2 krakens
  13 sphinxes
  Polyphemus (Shoals:4)
  Agnes (Elf:2)
  A death cob (Zot:1)
  12 tengu reavers
  A revenant (Crypt:2)
  Roxanne (Shoals:2)
  The ghost of crabbyslav the Brawler, a journeyman OgTm of Makhleb (Lair:5)
  Donald (Snake:3)
  8 storm dragons
  9 shadow dragons
  6 nagarajas
  2 draconian monks
  2 draconian knights
  13 fire giants
  3 iron dragons
  3 cacodemons
  9 frost giants
  2 orc warlords
  2 balrugs (Depths:4)
  Louise (Elf:1)
  2 juggernaut zombies
  3 draconian scorchers
  Aizul (Snake:3)
  A curse skull (Crypt:2)
  3 deep elf elementalists (Elf:3)
  22 vault wardens
  An angel (WizLab)
  2 ghouls
  4 draconian stormcallers
  3 draconian shifters
  26 ironbound preservers
  A caustic shrike skeleton (Crypt:3)
  2 spriggan defenders (Depths:2)
  2 draconian annihilators
  5 war gargoyles
  5 vampire knights
  24 very ugly things
  19 stone giants
  14 ironbound thunderhulks
  5 white draconians
  6 deep elf demonologists
  3 green draconians
  A black draconian (Zot:4)
  18 dire elephants
  5 deep elf annihilators (Elf:3)
  An entropy weaver (Vaults:2)
  3 yellow draconians
  Azrael (Snake:3)
  4 spark wasps
  9 red draconians
  An entropy weaver (shapeshifter) (Depths:3)
  A lorocyproca (Depths:1)
  7 purple draconians
  2 blizzard demons
  4 deep elf death magi
  9 crystal guardians
  An eidolon (Crypt:2)
  10 fire dragons
  8 yaktaur captains
  A deep elf high priest (Elf:3)
  7 merfolk impalers
  7 jiangshi
  9 ettins
  6 merfolk javelineers
  6 great orbs of eyes
  2 quicksilver dragon zombies
  2 spriggan zombies
  A great orb of eyes (shapeshifter) (Vaults:3)
  37 vault guards
  5 hydras
  3 rakshasas
  2 boulder beetles
  2 ogre magi
  A hell beast (Depths:1)
  6 ice dragons
  3 salamander tyrants
  3 alligator snapping turtles
  12 peacekeepers
  2 anacondas (shapeshifter) (Vaults:5)
  5 merfolk avatars
  10 ironbound frosthearts
  10 merfolk aquamancers
  6 spriggan air magi
  A radroach (shapeshifter) (Vaults:3)
  8 anacondas
  9 two-headed ogres
  5 catoblepae
  6 centaur warriors
  A satyr (shapeshifter) (Depths:2)
  A satyr (Shoals:3)
  12 naga warriors
  3 deep troll shamans
  3 death knights
  32 dancing weapons
  6 deep troll earth magi
  5 orc high priests
  3 vampire magi
  5 naga sharpshooters
  15 death yaks
  12 tengu warriors
  7 large abominations
  4 spriggan berserkers
  7 shock serpents
  A titan zombie (Crypt:3)
  21 deep elf knights
  11 hell knights
  6 soul eaters
  12 sun demons
  3 salamander mystics
  3 titan skeletons
  7 iron trolls
  A shadow wraith (Crypt:2)
  37 skeletal warriors
  A death drake (shapeshifter) (Vaults:5)
  A golden dragon zombie (Crypt:3)
  5 sixfirhies
  A fire crab (Lair:5)
  A goliath frog (shapeshifter) (Depths:2)
  2 anaconda zombies
  A storm dragon skeleton (Crypt:1)
  12 sea snakes
  4 glowing orange brains
  A sea snake (shapeshifter) (Vaults:5)
  55 deep trolls
  2 flayed ghosts
  A bog body (Crypt:2)
  2 shadow demons
  13 naga ritualists
  12 deep elf archers
  7 orc knights
  2 orange crystal statues
  A bunyip zombie (Crypt:2)
  7 phantasmal warriors
  14 harpies
  20 ironbound convokers
  5 wizards
  9 lindwurms
  2 tengu zombies (Depths:2)
  An iron giant skeleton (Crypt:1)
  13 necromancers
  An iron dragon zombie (D:15)
  31 ugly things
  A shadow dragon zombie (Crypt:3)
  4 orc sorcerers
  8 fauns
  3 obsidian statues (Depths:1)
  31 deep elf pyromancers
  31 deep elf zephyrmancers
  24 manticores
  12 mana vipers
  A fire giant skeleton (Depths:2)
  20 salamanders
  A frost giant zombie (D:15)
  A cyclops (shapeshifter) (Vaults:5)
  4 moths of wrath
  11 cyclopes
  A dire elephant zombie (Crypt:3)
  7 merfolk sirens
  6 guardian serpents
  10 naga magi
  27 elephants
  2 molten gargoyles (WizLab)
  11 water nymphs
  2 stone giant skeletons
  7 gargoyles
  17 vault sentinels
  3 rust devils (Depths:1)
  38 black mambas
  12 cane toads
  3 rime drakes
  3 freezing wraiths
  2 centaur skeletons (Crypt:3)
  Maggie (D:7)
  A rime drake (shapeshifter) (Elf:1)
  7 orange demons
  3 torpor snails (Lair:5)
  An unseen horror (shapeshifter) (D:14)
  2 hellions (Depths:1)
  An efreet (D:14)
  7 komodo dragons
  Psyche (D:8)
  19 yaktaurs
  A mana viper zombie (Crypt:1)
  An ice devil (Depths:1)
  3 unseen horrors
  3 red devils
  A hellwing (Depths:1)
  A tormentor (Depths:1)
  A death drake zombie (Crypt:2)
  A minotaur skeleton (Crypt:2)
  A guardian mummy (Crypt:1)
  2 polar bears (Lair:4)
  3 tengu conjurers
  15 wind drakes
  3 hornets
  A harpy zombie (Crypt:3)
  8 trolls
  2 hydra skeletons
  A tyrant leech (shapeshifter) (Vaults:5)
  Prince Ribbit (D:8)
  42 slime creatures
  25 merfolk
  Grinder (D:3)
  A hornet (shapeshifter) (Vaults:4)
  18 blink frogs
  A radroach zombie (Crypt:1)
  An ettin zombie (D:15)
  A fire dragon zombie (Crypt:3)
  8 snapping turtles
  14 dream sheep
  23 flying skulls (Crypt:3)
  Sigmund (D:5)
  9 air elementals
  A black mamba zombie (Crypt:2)
  A spriggan (Depths:3)
  3 vampires
  6 wraiths
  2 shadows
  7 ynoxinuls
  33 water elementals
  3 wyverns
  3 chaos spawn (Depths:3)
  55 yaks
  11 fire elementals
  Eustachio (D:5)
  A steam dragon (Lair:1)
  A spriggan simulacrum (Depths:2)
  5 basilisks
  8 humans (D:14)
  6 vampire mosquitoes
  A redback (Vaults:2)
  6 wargs
  2 glowing shapeshifter zombies
  A deep troll zombie (Crypt:3)
  8 small abominations (Depths:3)
  2 acid dragons
  58 nagas
  11 water moccasins
  A floating eye (shapeshifter) (Depths:4)
  3 hell hounds (Snake:3)
  Duvessa (D:5)
  A demonspawn skeleton (Crypt:2)
  A floating eye (Depths:3)
  A cane toad skeleton (Crypt:1)
  A swamp drake (D:11)
  43 orc warriors
  An elephant zombie (Crypt:1)
  2 black bears
  2 ice beasts
  11 centaurs
  7 ogres
  5 boggarts (Vaults:4)
  2 wolves (D:9)
  An elf zombie (Elf:1)
  5 kobold brigands
  A salamander zombie (Crypt:1)
  A hog skeleton (Crypt:2)
  Blork the orc (D:5)
  6 earth elementals
  10 bullfrogs
  3 gnoll sergeants
  6 necrophages
  5 scorpions
  9 wights
  Dowan (D:5)
  A yak zombie (Crypt:1)
  7 electric eels
  A howler monkey (D:10)
  2 centaur zombies (D:4)
  5 jellies
  A wolf skeleton (Crypt:1)
  7 hounds
  3 human zombies
  A bullfrog skeleton (Crypt:2)
  2 gnoll boudas
  28 orc priests
  Crazy Yiuf (D:3)
  13 human skeletons
  2 iguanas
  Ijyb (D:3)
  41 orc wizards
  2 scorpion zombies (D:4)
  Natasha (thrice) (D:2)
  2 lightning spires (WizLab)
  2 hound zombies (D:4)
  8 mummies
  A hound skeleton (Crypt:2)
  25 gnolls
  13 adders
  4 river rats
  2 shadow imps
  3 white imps
  3 ufetubi
  An adder zombie (D:4)
  3 worms
  2 dart slugs
  95 orcs
  4 endoplasms
  12 goblins
  11 hobgoblins
  2 jackals (Sewer)
  7 quokkas
  2 training dummies (Snake:2)
  6 ball pythons
  6 bats
  12 frilled lizards
  A gnoll skeleton (Crypt:2)
  33 kobolds
  9 rats
  A rat skeleton (Crypt:1)
  2 bushes
  3 tentacles
2353 creatures vanquished.

Vanquished Creatures (collateral kills)
  A titan (Vaults:5)
  A deep elf master archer (Elf:3)
  2 deep elf sorcerers (Elf:3)
  A deep elf elementalist (Elf:3)
  A deep elf demonologist (Elf:3)
  3 deep elf annihilators (Elf:3)
  An ettin (Vaults:3)
  Josephine (Snake:1)
  2 deep elf high priests (Elf:3)
  A salamander tyrant (WizLab)
  An anaconda (Snake:1)
  A dancing weapon (Elf:3)
  A shock serpent (Snake:1)
  An ironbound convoker (Vaults:3)
  3 deep elf zephyrmancers (Elf:3)
  2 salamanders (WizLab)
  2 black mambas (Snake:1)
  A vault sentinel (Vaults:3)
  An air elemental (Elf:3)
  2 wraiths (Snake:1)
  A naga (Snake:1)
  A phantom (D:6)
31 creatures vanquished.

Vanquished Creatures (others)
  A deep elf knight (Elf:3)
  A deep elf zephyrmancer (Elf:3)
  A human (D:14)
  29 fungi
  125 plants
  5 tentacles
  10 withered plants (D:15)
172 creatures vanquished.

Grand Total: 2556 creatures vanquished

Notes
Turn   | Place    | Note
-------+----------+-------------------------------------------
     0 | D:1      | CannotBeFrozen the Human Fighter began the quest for the
                  | Orb.
     0 | D:1      | Reached XP level 1. HP: 18/18 MP: 1/1
   233 | D:1      | Reached XP level 2. HP: 24/24 MP: 2/2
   502 | D:1      | Reached XP level 3. HP: 30/30 MP: 3/3
  1473 | D:2      | Reached XP level 4. HP: 22/38 MP: 4/4
  1934 | D:2      | Identified the +6 spear of Ziqif {freeze, rC+ Int+5 SInv}
  2101 | D:2      | Noticed Natasha
  2106 | D:2      | Killed Natasha
  2114 | D:2      | Noticed Natasha
  2123 | D:2      | Killed Natasha
  2124 | D:2      | Reached skill level 5 in Fighting
  2124 | D:2      | Reached XP level 5. HP: 15/44 MP: 5/5
  2340 | D:2      | Noticed Natasha
  2346 | D:2      | Killed Natasha
  3141 | D:3      | Noticed Grinder
  3141 | D:3      | Paralysed by Grinder for 3 turns
  3149 | D:3      | Paralysed by Grinder for 4 turns
  3166 | D:3      | Paralysed by Grinder for 4 turns
  3173 | D:3      | Paralysed by Grinder for 4 turns
  3178 | D:3      | Killed Grinder
  3179 | D:3      | Reached skill level 1 in Dodging
  3179 | D:3      | Reached XP level 6. HP: 31/52 MP: 6/6
  3179 | D:3      | Reached XP level 7. HP: 35/58 MP: 7/7
  3306 | D:3      | Identified the amulet of Urunwi {Reflect rCorr SH+5}
  3361 | D:3      | Found a runed translucent door.
  3362 | D:3      | Noticed Crazy Yiuf
  3410 | D:3      | Found a broken altar of Ashenzari.
  3516 | D:3      | Noticed Ijyb
  3525 | D:3      | Killed Ijyb
  3839 | D:3      | Killed Crazy Yiuf
  4173 | D:4      | Found an ancient bone altar of Kikubaaqudgha.
  4305 | D:4      | Reached XP level 8. HP: 50/65 MP: 8/8
  4715 | D:4      | Reached skill level 5 in Armour
  5140 | D:5      | Entered Level 5 of the Dungeon
  5276 | D:5      | Noticed Eustachio
  5292 | D:5      | Killed Eustachio
  5539 | D:5      | Identified the amulet of Oxickujig {Acrobat Rampage rF+}
  5837 | D:5      | Noticed Sigmund
  5851 | D:5      | Killed Sigmund
  5852 | D:5      | Reached XP level 9. HP: 50/74 MP: 9/9
  6042 | D:5      | You fall into a shaft and drop 2 floors!
  6048 | D:7      | Found an ornate altar of the Wu Jian Council.
  6089 | D:7      | Noticed Maggie
  6105 | D:7      | Killed Maggie
  6358 | D:7      | Identified the +0 pair of boots of Qyessa Hodgh {Will++
                  | Str+4}
  6485 | D:7      | Reached skill level 10 in Fighting
  6733 | D:7      | Reached XP level 10. HP: 81/88 MP: 10/10
  7290 | D:6      | Found a staircase to the Ecumenical Temple.
  7297 | Temple   | Entered the Ecumenical Temple
  7573 | D:6      | Found a glowing drain.
  7582 | Sewer    | Entered a sewer
  8222 | D:6      | Found Sauna's Magic Scroll Shoppe.
  8301 | Temple   | Became a worshipper of Elyvilon the Healer
  8488 | D:6      | Found a shadowy altar of Dithmenos.
  8735 | D:6      | Found Myri's General Store.
  8971 | D:5      | Noticed Duvessa
  8971 | D:5      | Noticed Dowan
  8987 | D:5      | Killed Duvessa
  8989 | D:5      | Killed Dowan
  9145 | D:5      | Reached * piety under Elyvilon
  9594 | D:5      | Noticed Blork the orc
  9602 | D:5      | Killed Blork the orc
  9882 | D:8      | Noticed Psyche
  9891 | D:8      | Killed Psyche
  9908 | D:8      | Found a blossoming altar of Fedhas.
 10041 | D:8      | Noticed Prince Ribbit
 10064 | D:8      | Killed Prince Ribbit
 10251 | D:8      | Found a transporter.
 10420 | D:8      | Reached ** piety under Elyvilon
 10777 | D:8      | Reached XP level 11. HP: 98/98 MP: 11/11
 10808 | D:9      | Reached skill level 5 in Dodging
 11320 | D:9      | Noticed a tengu warrior
 11345 | D:9      | Killed a tengu warrior
 11477 | D:9      | Noticed a tengu warrior
 11509 | D:9      | Killed a tengu warrior
 12186 | D:9      | Found a sacrificial altar of Ru.
 12354 | D:9      | HP: 6/150 [vampire/vampiric draining (3)]
 13083 | D:9      | Found a staircase to the Lair.
 13390 | D:10     | Entered Level 10 of the Dungeon
 13402 | D:10     | Reached *** piety under Elyvilon
 13444 | D:10     | Noticed a two-headed ogre
 13575 | D:10     | Elyvilon protects you from harm!
 13995 | D:10     | Noticed a two-headed ogre
 14014 | D:10     | Killed a two-headed ogre
 14015 | D:10     | Reached skill level 2 in Axes
 14015 | D:10     | Reached XP level 12. HP: 62/108 MP: 12/12
 14268 | D:10     | Reached skill level 3 in Axes
 14416 | D:10     | Found a glowing golden altar of the Shining One.
 14422 | D:10     | Fell from the grace of Elyvilon
 14422 | D:10     | Became a worshipper of the Shining One
 14422 | D:10     | Reached * piety under the Shining One
 14508 | D:10     | Killed a two-headed ogre
 14509 | D:10     | Reached skill level 4 in Axes
 14816 | D:10     | Found a bloodstained altar of Trog.
 14875 | D:10     | Found an iron altar of Okawaru.
 15148 | D:10     | Reached skill level 5 in Axes
 15668 | D:11     | Reached skill level 6 in Axes
 15959 | D:11     | Reached skill level 7 in Axes
 16244 | D:11     | Reached skill level 8 in Axes
 16577 | D:11     | Found a staircase to the Orcish Mines.
 16805 | D:11     | Identified a scroll of acquirement
 16808 | D:11     | Acquired a +2 executioner's axe of freezing
 16975 | D:12     | Reached skill level 9 in Axes
 17210 | D:12     | Reached ** piety under the Shining One
 17308 | D:12     | Reached skill level 10 in Axes
 17539 | D:12     | Noticed a merfolk aquamancer
 17545 | D:12     | Noticed a merfolk aquamancer
 17555 | D:12     | Noticed a merfolk aquamancer
 17567 | D:12     | Killed a merfolk aquamancer
 17568 | D:12     | Reached XP level 13. HP: 62/114 MP: 3/13
 17993 | D:12     | Reached skill level 1 in Invocations
 18671 | D:12     | Reached skill level 5 in Invocations
 19186 | D:6      | Bought the +4 chain mail of Yesterday {rPois rF+ Will+
                  | Int+4 Dex+3} for 756 gold pieces
 19257 | Lair:1   | Entered Level 1 of the Lair of Beasts
 20173 | Lair:1   | Noticed a seven-headed hydra
 20265 | Lair:2   | Reached skill level 10 in Invocations
 20528 | Lair:2   | Noticed a four-headed hydra
 20539 | Lair:2   | Killed a four-headed hydra
 20643 | Lair:2   | Reached skill level 11 in Axes
 20657 | Lair:2   | Reached XP level 14. HP: 79/121 MP: 1/21
 21692 | Lair:2   | Reached skill level 12 in Axes
 21988 | Lair:2   | Found a staircase to the Snake Pit.
 22144 | Lair:2   | Reached skill level 13 in Axes
 22771 | Lair:3   | Found a staircase to the Shoals.
 23275 | Lair:3   | Reached skill level 14 in Axes
 24089 | Lair:4   | Reached *** piety under the Shining One
 24459 | Lair:4   | Noticed Rupert
 24689 | Orc:1    | Entered Level 1 of the Orcish Mines
 24729 | Orc:1    | Noticed an orc warlord
 25163 | Orc:1    | Killed an orc warlord
 25164 | Orc:1    | Reached skill level 15 in Axes
 25710 | Orc:2    | Entered Level 2 of the Orcish Mines
 25910 | Orc:2    | Found a staircase to the Elven Halls.
 25916 | Orc:2    | Found a bloodstained altar of Trog.
 25921 | Orc:2    | Found Gimuahof's Magic Scroll Boutique.
 25930 | Orc:2    | Reached **** piety under the Shining One
 26233 | Orc:2    | Reached XP level 15. HP: 127/127 MP: 11/22
 26510 | Orc:1    | Reached skill level 16 in Axes
 26515 | Orc:2    | Reached ***** piety under the Shining One
 26718 | Orc:2    | Noticed an orc warlord
 27165 | Orc:2    | Killed an orc warlord
 27543 | Orc:2    | Found Riokuf's General Store.
 27544 | Orc:2    | Found Imnosiur's Jewellery Shoppe.
 27547 | Orc:2    | Found Ogulluo's Antique Armour Emporium.
 27547 | Orc:2    | Found Qum Uraa's Antique Weapon Emporium.
 27892 | Elf:1    | Entered Level 1 of the Elven Halls
 27910 | Elf:1    | Found a radiant altar of Vehumet.
 27919 | Elf:1    | Noticed Louise
 27946 | Elf:1    | Reached skill level 17 in Axes
 27946 | Elf:1    | Killed Louise
 29561 | D:13     | Reached skill level 18 in Axes
 30006 | D:14     | Found Qygips's Overcharged Wands.
 30408 | D:14     | Reached XP level 16. HP: 99/134 MP: 7/24
 30570 | D:14     | Found a gate to the Vaults.
 30862 | D:15     | Entered Level 15 of the Dungeon
 31240 | D:15     | Found a staircase to the Depths.
 31721 | D:15     | Reached ****** piety under the Shining One
 32779 | D:15     | Acquired 764 gold pieces
 32782 | D:15     | Acquired a manual of Armour
 33024 | Lair:4   | Killed Rupert
 33551 | Lair:4   | Reached skill level 15 in Fighting
 33554 | Lair:4   | Reached skill level 10 in Armour
 33825 | Lair:4   | Identified the +8 chain mail "Lulim" {rPois Slay+3 SInv}
 33979 | Lair:5   | Entered Level 5 of the Lair of Beasts
 34209 | Lair:5   | Found a staircase to the Slime Pits.
 34209 | Lair:5   | Found a viscous altar of Jiyva.
 34515 | Lair:5   | Found a runed translucent door.
 34883 | Lair:5   | Found a snail-covered altar of Cheibriados.
 35290 | Lair:5   | Reached XP level 17. HP: 142/142 MP: 15/26
 35340 | Lair:5   | Reached skill level 10 in Dodging
 35948 | Lair:5   | Noticed crabbyslav's ghost (journeyman OgTm)
 35982 | Lair:5   | Killed crabbyslav's ghost
 36093 | Snake:1  | Entered Level 1 of the Snake Pit
 36382 | Snake:1  | Noticed Jorgrun
 36388 | Snake:1  | Killed Jorgrun
 36449 | Snake:1  | Reached skill level 15 in Armour
 36490 | Snake:1  | Noticed Josephine
 36494 | Snake:1  | Killed Josephine
 38354 | Snake:2  | Identified the +6 long sword of Ravage {freeze, rCorr Str+5
                  | Int+4}
 38366 | Snake:2  | Found Beunniypn's Firing Range.
 39013 | Snake:3  | Reached XP level 18. HP: 114/149 MP: 19/27
 39252 | Snake:3  | Noticed Aizul
 39265 | Snake:3  | Killed Aizul
 39764 | Snake:3  | Found Bost's Antique Weapon Boutique.
 40112 | Snake:3  | Noticed Azrael
 40121 | Snake:3  | Killed Azrael
 40664 | Snake:3  | Reached skill level 19 in Axes
 40914 | Snake:3  | Found Akaur's Specialty Armours.
 41643 | Snake:3  | Noticed Donald
 41649 | Snake:3  | Killed Donald
 41668 | Snake:4  | Entered Level 4 of the Snake Pit
 42402 | Snake:4  | Found Fudd's Jewellery Emporium.
 42404 | Snake:4  | Found Itik's Book Shop.
 42405 | Snake:4  | Found Ganeddoi's Jewellery Emporium.
 42843 | Snake:4  | Acquired a manual of Fighting
 43995 | Snake:4  | Reached skill level 20 in Axes
 44351 | Snake:4  | Reached XP level 19. HP: 141/159 MP: 21/28
 44741 | Snake:4  | Got a serpentine rune of Zot
 45012 | Vaults:1 | Entered Level 1 of the Vaults
 47557 | Vaults:1 | Reached skill level 21 in Axes
 47764 | Vaults:1 | Learned a level 2 spell: Wereblood
 47885 | Vaults:2 | Reached skill level 1 in Spellcasting
 47885 | Vaults:2 | Reached skill level 1 in Transmutations
 48050 | Vaults:2 | Found a magical portal.
 48121 | WizLab   | Entered Maxwell's Workshop
 48590 | WizLab   | Identified the ring of the Skies Above {Ice +Blink rPois
                  | rCorr Str-4}
 48596 | WizLab   | Reached XP level 20. HP: 118/172 MP: 20/29
 49202 | WizLab   | Reached skill level 5 in Transmutations
 49227 | WizLab   | Reached skill level 5 in Spellcasting
 50283 | WizLab   | Noticed an electric golem
 50293 | WizLab   | Killed an electric golem
 50533 | WizLab   | Identified the +1 short sword "Tathes" {vorpal, rC+}
 50534 | WizLab   | Identified the ring of Buirphaa {Fly rF+ Str+4}
 50640 | WizLab   | Identified the ring "Goeseg" {Ice Dex+3}
 50725 | WizLab   | Identified the ring of Tuorutopt {rElec EV+4 Int+4}
 50731 | WizLab   | Identified the ring of Zautux {Fire rN+ Str-4 Int+7}
 51057 | Vaults:2 | Noticed Mara
 51066 | Vaults:2 | Noticed CannotBeFrozen's illusion
 51066 | Vaults:2 | Killed Mara
 51571 | Vaults:2 | Found Nuigofesk's Antique Weapon Boutique.
 53177 | Vaults:3 | Reached XP level 21. HP: 174/180 MP: 24/33
 53585 | Vaults:3 | Found Zehaecs's Weapon Emporium.
 53656 | Vaults:3 | Noticed Boris
 53677 | Vaults:3 | Killed Boris
 53842 | Vaults:3 | Found a transporter.
 53842 | Vaults:3 | Found a transporter.
 54577 | Vaults:3 | Found a staircase to the Crypt.
 55069 | Vaults:4 | Learned a level 6 spell: Statue Form
 55607 | Vaults:4 | Reached skill level 22 in Axes
 56584 | Vaults:4 | Found Anafor's Distillery.
 56766 | Vaults:5 | Entered Level 5 of the Vaults
 56771 | Vaults:5 | Reached skill level 1 in Earth Magic
 56779 | Vaults:4 | Reached XP level 22. HP: 105/190 MP: 0/34
 56992 | Vaults:5 | Reached skill level 5 in Earth Magic
 57864 | Vaults:4 | Reached skill level 10 in Earth Magic
 59419 | Vaults:5 | Reached skill level 10 in Transmutations
 60091 | Vaults:5 | Reached XP level 23. HP: 192/198 MP: 27/36
 60180 | Vaults:5 | Found Fyogg's Antique Armour Shop.
 60192 | Vaults:5 | Got a silver rune of Zot
 60324 | Vaults:5 | HP: 5/198 [titan/the air (34)]
 60325 | Vaults:5 | The Shining One protects you from harm!
 60843 | Vaults:5 | Found Roarad's Antique Armour Shop.
 60854 | Vaults:5 | Bought a pair of twisted gloves for 285 gold pieces
 60854 | Vaults:5 | Identified the +0 pair of gloves of Maehyp {rF- rCorr
                  | Slay+4} (You bought it in a shop on level 5 of the Vaults)
 60854 | Vaults:5 | Bought a translucent helmet for 285 gold pieces
 60854 | Vaults:5 | Identified the +0 helmet of Juhimil {rC+ Str+7 Dex+2} (You
                  | bought it in a shop on level 5 of the Vaults)
 60901 | Vaults:5 | Found Woibuaq's Antique Armour Emporium.
 60967 | Vaults:5 | Reached skill level 10 in Spellcasting
 61061 | Vaults:5 | Found Jauzxots's Distillery.
 61072 | Vaults:5 | Bought a potion of heal wounds for 80 gold pieces
 61080 | Vaults:5 | Found Kufog's Distillery.
 61116 | Vaults:5 | Found Dicamy's Magic Scroll Shop.
 61832 | Elf:1    | Found Ceh Guiq's Jewellery Shoppe.
 61838 | Elf:1    | You are sucked into a shaft and drop 1 floor!
 61847 | Elf:2    | Found Kiydoc's Antique Armour Shop.
 62572 | Elf:2    | Found a runed translucent gate.
 62669 | Elf:2    | Found a runed translucent gate.
 62670 | Elf:2    | Found a runed translucent gate.
 62673 | Elf:2    | Found a viscous altar of Jiyva.
 62673 | Elf:2    | Noticed DungeonMaster's ghost (adept DsHW)
 62724 | Elf:2    | Found a runed translucent gate.
 62725 | Elf:2    | Found a runed translucent gate.
 62725 | Elf:2    | Found a runed translucent gate.
 63291 | Elf:2    | Upgraded the game from 0.29-a0-902-g0f71de6fce to
                  | 0.29-a0-909-g30c7767f5c
 63473 | Elf:2    | Noticed Agnes
 63482 | Elf:2    | Killed Agnes
 64602 | Elf:3    | Entered Level 3 of the Elven Halls
 64652 | Elf:3    | Learned a level 3 spell: Lesser Beckoning
 64809 | Elf:3    | Reached skill level 1 in Translocations
 64929 | Elf:3    | Found Ficliluu's Magic Scroll Shoppe.
 65007 | Elf:3    | Bought a scroll of blinking for 97 gold pieces
 65007 | Elf:3    | Bought a scroll of teleportation for 39 gold pieces
 65007 | Elf:3    | Bought a scroll of butterflies for 52 gold pieces
 65007 | Elf:3    | Bought a scroll of butterflies for 52 gold pieces
 65329 | Elf:3    | Reached XP level 24. HP: 201/208 MP: 37/37
 65566 | Elf:3    | Reached skill level 5 in Translocations
 65717 | Elf:3    | Identified the +2 robe of Patterns {Contam Rampage rC++
                  | SInv}
 65830 | Elf:3    | Identified the +4 great sword of the Queen {flame, rElec
                  | rF- Str-5 Int+7}
 65830 | Elf:3    | Identified the amulet of New Discoveries {Acrobat rN+}
 66262 | Elf:3    | Found the +12 pair of quick blades "Gyre" and "Gimble"
                  | {protect}
 66275 | Elf:3    | Identified the ring "Luogej" {rElec rPois rF- Int+3}
 66641 | Elf:3    | Got the Monograph on the Figure and the Welkin
 66656 | Elf:3    | Got The Foundations of Spellcraft
 66663 | Elf:3    | Identified the +5 scale mail of Dogma {Harm rElec rN+
                  | Dex-5}
 66670 | Elf:3    | Identified the +9 rapier of Omula {venom, Will+ Str+4 SInv}
 67274 | Depths:1 | Entered Level 1 of the Depths
 67597 | Depths:1 | Learned a level 2 spell: Blink
 67603 | Depths:1 | Learned a level 5 spell: Manifold Assault
 67609 | Depths:1 | Learned a level 5 spell: Irradiate
 67628 | Depths:1 | Found a one-way gateway to a ziggurat.
 67980 | Depths:1 | Noticed Asterion
 67995 | Depths:1 | Killed Asterion
 68369 | Depths:1 | Found a burning altar of Makhleb.
 68636 | Depths:1 | Gained mutation: You have a pair of small horns on your
                  | head. [a cacodemon]
 68738 | Depths:1 | Found a gateway to Hell.
 69195 | Depths:1 | Found a burning altar of Makhleb.
 69195 | Depths:1 | Found the +14 obsidian axe {vorpal, Mesm Drain Fly SInv}
 69346 | Depths:2 | Found Quetetwi's Self-Improvement Boutique.
 69347 | Depths:2 | Found a flickering gateway to a bazaar.
 69370 | Bazaar   | Entered a bazaar
 69442 | Bazaar   | Found Gionoonia's Distillery.
 69447 | Bazaar   | Bought a potion of heal wounds for 75 gold pieces
 69447 | Bazaar   | Bought a potion of heal wounds for 75 gold pieces
 69457 | Bazaar   | Found Ynis's Book Shop.
 69464 | Bazaar   | Bought Ozocubu's Autobiography for 264 gold pieces
 69472 | Bazaar   | Found Zycsoimo's Assorted Antiques.
 69478 | Bazaar   | Bought a potion of resistance for 240 gold pieces
 69500 | Bazaar   | Found Calir's Weapon Shop.
 69677 | Depths:2 | Found a one-way gate to the infinite horrors of the Abyss.
 69710 | Depths:2 | Bought a manual of Invocations for 1360 gold pieces
 69993 | Depths:2 | Noticed Sojobo
 70008 | Depths:2 | Killed Sojobo
 70264 | Depths:2 | Reached skill level 23 in Axes
 70273 | Depths:2 | Reached XP level 25. HP: 214/214 MP: 37/37
 70508 | Depths:2 | Found a one-way gate leading to the halls of Pandemonium.
 70516 | Depths:2 | Reached skill level 15 in Invocations
 70800 | Depths:2 | Identified the amulet "Ykkem" {Harm Regen+ SInv}
 70856 | Depths:2 | Noticed a caustic shrike
 71338 | Depths:2 | Lost mutation: You have a pair of small horns on your head.
                  | [potion of mutation]
 71338 | Depths:2 | Gained mutation: You have sharp fingernails. [potion of
                  | mutation]
 71338 | Depths:2 | Gained mutation: Your muscles are strong. (Str +4, Int/Dex
                  | -1) [potion of mutation]
 71338 | Depths:2 | Gained mutation: Your system is resistant to poisons.
                  | (rPois) [potion of mutation]
 71338 | Depths:2 | Gained mutation: You are partially covered in iridescent
                  | scales. (AC +2) [potion of mutation]
 72145 | Depths:3 | Reached skill level 10 in Translocations
 72295 | Depths:3 | Noticed Xtahua
 72301 | Depths:3 | Killed Xtahua
 72783 | Depths:3 | Noticed a juggernaut
 72793 | Depths:3 | Killed a juggernaut
 73254 | Depths:3 | Found a white marble altar of Elyvilon.
 73572 | Depths:4 | Entered Level 4 of the Depths
 74296 | Depths:4 | Reached XP level 26. HP: 206/222 MP: 32/37
 74773 | Depths:4 | Found a gate to the Realm of Zot.
 74884 | Depths:4 | Found a corrupted altar of Lugonu.
 75531 | Shoals:1 | Entered Level 1 of the Shoals
 75873 | Shoals:1 | Noticed Frances
 75886 | Shoals:1 | Killed Frances
 76023 | Shoals:1 | Found Luzxekka's Armour Shoppe.
 77086 | Shoals:2 | Noticed Roxanne
 77098 | Shoals:2 | Killed Roxanne
 77480 | Shoals:2 | Reached skill level 24 in Axes
 77777 | Shoals:3 | Found Hoakousk's Gadget Gallery.
 78008 | Shoals:3 | Found a transporter.
 78020 | Shoals:3 | Found a transporter.
 78770 | Shoals:3 | Reached skill level 15 in Translocations
 78887 | Shoals:4 | Entered Level 4 of the Shoals
 78910 | Shoals:4 | Paralysed by an air elemental for 1 turns
 79024 | Shoals:4 | Found a stormy altar of Qazlal.
 79046 | Shoals:4 | Noticed Polyphemus
 79062 | Shoals:4 | Killed Polyphemus
 79416 | Shoals:4 | Noticed Mlioglotl
 79425 | Shoals:4 | Killed Mlioglotl
 79696 | Shoals:4 | Identified the ring of Oroy {rF+ Will+ Dex+6}
 79700 | Shoals:4 | Got a barnacled rune of Zot
 81147 | Zot:1    | Entered Level 1 of the Realm of Zot
 81177 | Zot:1    | Found a transporter.
 81250 | Zot:1    | Reached XP level 27. HP: 231/231 MP: 37/37
 81388 | Zot:1    | Found a transporter.
 81401 | Zot:1    | Found a transporter.
 81429 | Zot:1    | Found a transporter.
 81619 | Zot:1    | Found a blossoming altar of Fedhas.
 82084 | Zot:1    | Learned a level 1 spell: Apportation
 82091 | Zot:1    | Learned a level 6 spell: Dispersal
 82208 | Zot:1    | Noticed an orb of fire
 82211 | Zot:1    | Gained mutation: Potions are less effective at restoring
                  | your health. [an orb of fire]
 82221 | Zot:1    | Gained mutation: You are dopey. (Int -2) [an orb of fire]
 82223 | Zot:1    | Gained mutation: You occasionally lose the ability to read
                  | scrolls when taking damage. [an orb of fire]
 82226 | Zot:1    | HP: 10/231 [orb of fire/fireball (30)]
 82248 | Zot:1    | Gained mutation: You sometimes lose the ability to read
                  | scrolls when taking damage. [an orb of fire]
 82253 | Zot:1    | Gained mutation: Your flesh is cold resistant. (rC+) [an
                  | orb of fire]
 82254 | Zot:1    | Killed an orb of fire
 82591 | Zot:1    | Lost mutation: Your flesh is cold resistant. (rC+) [potion
                  | of mutation]
 82591 | Zot:1    | Lost mutation: You sometimes lose the ability to read
                  | scrolls when taking damage. [potion of mutation]
 82591 | Zot:1    | Gained mutation: You passively map a small area around you.
                  | [potion of mutation]
 82591 | Zot:1    | Gained mutation: You have an increased reservoir of magic.
                  | (+10% MP) [potion of mutation]
 82592 | Zot:1    | Lost mutation: Potions are less effective at restoring your
                  | health. [potion of mutation]
 82592 | Zot:1    | Lost mutation: You occasionally lose the ability to read
                  | scrolls when taking damage. [potion of mutation]
 82592 | Zot:1    | Gained mutation: Your body sometimes deteriorates upon
                  | taking damage. [potion of mutation]
 82592 | Zot:1    | Lost mutation: You are dopey. (Int -2) [potion of mutation]
 83086 | Zot:2    | Lost mutation: You have sharp fingernails. [potion of
                  | mutation]
 83086 | Zot:2    | Lost mutation: Your body sometimes deteriorates upon taking
                  | damage. [potion of mutation]
 83086 | Zot:2    | Lost mutation: You passively map a small area around you.
                  | [potion of mutation]
 83086 | Zot:2    | Gained mutation: You are frail. (-10% HP) [potion of
                  | mutation]
 83088 | Zot:2    | Lost mutation: You are frail. (-10% HP) [potion of
                  | mutation]
 83088 | Zot:2    | Lost mutation: Your muscles are strong. (Str +4, Int/Dex
                  | -1) [potion of mutation]
 83088 | Zot:2    | Gained mutation: You occasionally lose the ability to drink
                  | potions when taking damage. [potion of mutation]
 83088 | Zot:2    | Gained mutation: You are frail. (-10% HP) [potion of
                  | mutation]
 83541 | Vaults:3 | Reached skill level 15 in Dodging
 83619 | Vaults:3 | Identified the +0 pair of boots of Ebusozo {rPois rN+ Will+
                  | Str-5}
 83645 | Vaults:3 | Lost mutation: You have an increased reservoir of magic.
                  | (+10% MP) [potion of mutation]
 83645 | Vaults:3 | Lost mutation: You are frail. (-10% HP) [potion of
                  | mutation]
 83645 | Vaults:3 | Lost mutation: Your system is resistant to poisons. (rPois)
                  | [potion of mutation]
 83645 | Vaults:3 | Gained mutation: You are frail. (-10% HP) [potion of
                  | mutation]
 83645 | Vaults:3 | Gained mutation: You are mostly covered in iridescent
                  | scales. (AC +4) [potion of mutation]
 83645 | Vaults:3 | Lost mutation: You occasionally lose the ability to drink
                  | potions when taking damage. [potion of mutation]
 83645 | Vaults:3 | Gained mutation: You have a pair of small horns on your
                  | head. [potion of mutation]
 83724 | Vaults:4 | Bought a potion of mutation for 152 gold pieces
 83724 | Vaults:4 | Bought a potion of magic for 152 gold pieces
 83724 | Vaults:4 | Bought a potion of magic for 152 gold pieces
 83724 | Vaults:4 | Bought a potion of might for 76 gold pieces
 83724 | Vaults:4 | Bought a potion of haste for 190 gold pieces
 83724 | Vaults:4 | Bought a potion of heal wounds for 95 gold pieces
 83766 | Vaults:5 | Bought a potion of resistance for 160 gold pieces
 83766 | Vaults:5 | Bought a potion of mutation for 128 gold pieces
 83766 | Vaults:5 | Bought a potion of resistance for 160 gold pieces
 83766 | Vaults:5 | Bought a potion of might for 64 gold pieces
 84096 | Orc:2    | Bought a potion of heal wounds for 70 gold pieces
 84096 | Orc:2    | Bought a potion of mutation for 112 gold pieces
 84941 | Zot:5    | Entered Level 5 of the Realm of Zot
 86045 | Crypt:1  | Entered Level 1 of the Crypt
 87384 | Crypt:2  | Noticed Boris
 87389 | Crypt:2  | Killed Boris
 88046 | Crypt:3  | Entered Level 3 of the Crypt
 88690 | Crypt:3  | Noticed a dread lich
 88697 | Crypt:3  | Killed a dread lich
 88701 | Crypt:3  | Found an ancient bone altar of Kikubaaqudgha.
 88824 | Crypt:3  | Identified the +9 mace "Arbiter" {vorpal, rN+}
 89207 | Crypt:3  | Found a staircase to the Tomb.
 90884 | Zot:5    | Noticed a dread lich
 90897 | Zot:5    | Killed a dread lich
 90921 | Zot:5    | Noticed a Killer Klown
 90933 | Zot:5    | Killed a Killer Klown
 91545 | Zot:5    | Noticed a Killer Klown
 91581 | Zot:5    | Killed a Killer Klown
 91730 | Zot:5    | Noticed an orb of fire
 91732 | Zot:5    | Gained mutation: You have hidden genetic defects. [an orb
                  | of fire]
 91745 | Zot:5    | Noticed a Killer Klown
 91747 | Zot:5    | Killed an orb of fire
 91750 | Zot:5    | Noticed a Killer Klown
 91764 | Zot:5    | Killed a Killer Klown
 91768 | Zot:5    | Killed a Killer Klown
 92210 | Zot:5    | Noticed a Killer Klown
 92215 | Zot:5    | Killed a Killer Klown
 92499 | Zot:5    | Noticed a Killer Klown
 92503 | Zot:5    | Killed a Killer Klown
 92629 | Zot:5    | Gained mutation: You are weak. (Str -2) [hidden defects]
 92630 | Zot:5    | Lost mutation: You are frail. (-10% HP) [potion of
                  | mutation]
 92630 | Zot:5    | Lost mutation: You have hidden genetic defects. [potion of
                  | mutation]
 92630 | Zot:5    | Lost mutation: You are weak. (Str -2) [potion of mutation]
 92630 | Zot:5    | Gained mutation: You have sharp toenails. [potion of
                  | mutation]
 92846 | Zot:5    | Noticed a Killer Klown
 92852 | Zot:5    | Killed a Killer Klown
 92967 | Zot:5    | Noticed a Killer Klown
 92969 | Zot:5    | Noticed an orb of fire
 92970 | Zot:5    | Noticed a Killer Klown
 92977 | Zot:5    | Killed a Killer Klown
 92978 | Zot:5    | Killed a Killer Klown
 92986 | Zot:5    | Killed an orb of fire
 93893 | Zot:5    | Got the Orb of Zot
 94421 | D:8      | Noticed Asiferoe the pandemonium lord
 94531 | D:2      | Noticed Zocryus the pandemonium lord
 94541 | D:2      | Killed Zocryus the pandemonium lord
 94621 | D:$      | Escaped with the Orb!

Illustrated notes

Levels and vault maps discovered:
D:1:      co_arrival_random_square_maze, layout_basic, corexii_leaking_fountain
D:2:      wad_pebble_path, layout_basic, uniq_natasha
D:3:      minmay_door_path, layout_basic, evilmike_ruin_ashenzari,
          uniq_crazy_yiuf_cottage, uniq_ijyb, uniq_grinder
D:4:      layout_rooms, lemuel_mausoleum_altar_kikubaaqudgha,
          due_unseen_surprise
D:5:      layout_gridville, serial_park_tiny_2, uniq_blork_the_orc,
          uniq_duvessa, uniq_eustachio, uniq_sigmund
D:6:      layout_cave_pools, mainiacjoe_overflow_tiny_flanked,
          minmay_temple_entry_stoned_glass, cheibrodos_sewer_entry_sluice,
          serial_shops, shop, shop
D:7:      cheibrodos_barr_body, layout_rooms,
          nicolae_wu_jian_immortal_techniques, minivault_4, uniq_maggie
D:8:      layout_gridville, fedhas_ov_isle_minmay, nicolae_diode_basic,
          uniq_prince_ribbit1, uniq_psyche
D:9:      layout_rooms, kennysheep_mini, erik_lair_island, grunt_ministairs_5,
          minmay_splitting_lines
D:10:     layout_basic, mainiacjoe_overflow_catwalk,
          kennysheep_okawaru_gauntlet, general_overflow_altar
D:11:     minmay_distorted_concentric_squares, layout_cave_pools, erik_orc_1
D:12:     layout_roguey, nicolae_splish_splash
D:13:     layout_rooms
D:14:     layout_big_octagon, ximxim_vaults_locker_room, fountainhead,
          nicolae_shop_overcharged_wands
D:15:     gammafunk_depths_entry_grave, layout_long_grid, skrybe_limestone_x
Temple:   nicolae_temple_ecumenical_triangle
Lair:1:   layout_misc_corridors, dpeg_stationary_puzzle, serial_bayou_shore_a,
          grunt_megastairs_2
Lair:2:   layout_roguey, minmay_snake_entry_guardpost_medium,
          infiniplex_staircase_pool, grunt_megastairs_4
Lair:3:   layout_concentric_octagons, minmay_shoals_entry_centaurs
Lair:4:   layout_cellular_growth, serial_bayou_shore_b, uniq_rupert
Lair:5:   evilmike_catoblepas_cave, layout_regular_city,
          minmay_slime_entry_pillars, ebering_ghost_reflecting_pool,
          kennysheep_snail_temple, grunt_megastairs_5
Shoals:1: layout_shoals, serial_shops, shop, nicolae_shoals_square_sea_wall,
          hangedman_shoals_cup_caves, uniq_frances
Shoals:2: layout_shoals, uniq_roxanne
Shoals:3: gammafunk_sealed_arena, layout_shoals, nicolae_shop_gadgets
Shoals:4: shoals_end_hellmonk_storm_palace [storm_palace_center_ruins,
          storm_palace_corner_narrow, storm_palace_corner_pillars,
          storm_palace_corner_altar, storm_palace_corner_blocked],
          uniq_mlioglotl, uniq_polyphemus
Snake:1:  layout_layer_cave, nicolae_snake_double_loop, grunt_megastairs_3,
          uniq_josephine, uniq_jorgrun
Snake:2:  layout_gridlike, serial_curves, eino_curves_01, eino_curves_02,
          drop_trap, nicolae_shop_firing_range
Snake:3:  layout_chambers, nicolae_barding_shop, minmay_shop_star, uniq_donald,
          uniq_azrael, uniq_aizul
Snake:4:  johnstein_snake_rune_scales, layout_layer_cave, grunt_ministairs_3,
          minmay_shop_grove
Orc:1:    layout_caves
Orc:2:    st_orc_congregation, layout_caves, serial_shops, shop, basic_altar,
          nicolae_orc_lava_room
Elf:1:    eino_elf_arrival_altar, layout_geoelf_grid, serial_shops, shop_statue,
          minmay_elf_necromancy, minmay_misc_feat_ornament, uniq_louise
Elf:2:    nicolae_elf_blades_crystal_corner, layout_gridlike,
          gammafunk_ghost_ooze, serial_shops, nicolae_shop_trees, uniq_agnes
Elf:3:    minmay_elf_hall_statues, layout_geoelf_diagonals, serial_shops,
          shop_statue, guppyfry_library_mini
Vaults:1: ontoclasm_vaults_ring_square, ontoclasm_vaults_bender,
          ontoclasm_vaults_shuriken, hangedman_vaults_nails, vaults_room_grid,
          nicolae_vaults_little_ls, nicolae_vaults_alarming, vaults_room_grid,
          vaults_dpeg_hooks, nicolae_vaults_quartermaster,
          layout_vaults_omnicross
Vaults:2: mu_enter_wizlab_4, hangedman_vaults_stream, grunt_vaults_twisty,
          v_misc_33, v_misc_8, nicolae_vaults_diagonal_hallway_6,
          nicolae_vaults_theta, hangedman_vaults_restitches, vaults_room_pool,
          nicolae_vaults_windows_and_doors_thing, layout_vaults_omnigrid,
          serial_shops, nicolae_shop_temple_entry_statues_fountains,
          uniq_margery, uniq_mara
Vaults:3: gammafunk_the_bubble [the_bubble_gammafunk_crates],
          hangedman_vaults_corner, hangedman_vaults_variations, v_rooms_5,
          vaults_dpeg_diagonal, vaults_room_hallway, blue_anna_dwarven_crypt,
          nicolae_vaults_little_squares_3, vaults_room_pool, v_alt_pattern_6,
          layout_vaults_big_room, serial_shops,
          nicolae_shop_bloodbath_and_beyond, uniq_boris
Vaults:4: vaults_room_pools, nicolae_vaults_halls_meeting, v_misc_5,
          dpeg_vaults_monster_row, hangedman_vaults_locks,
          dpeg_vaults_monster_box, nicolae_vaults_rhombus_6, v_misc_29,
          vaults_mumra_hexcomb, ontoclasm_vaults_twist, vaults_room_pools,
          vaults_room_pool, nicolae_vaults_little_squares_3,
          layout_vaults_maze_bifur, serial_shops, nicolae_shop_waterfront
Vaults:5
Crypt:1:  layout_chaotic_city, st_stairs_12, grunt_crypt_arrival_guarded_gate
Crypt:2:  layout_gridlike, grunt_megastairs_1
Crypt:3:  cryptofortress_bobbens
Depths:1: layout_gridlike, enter_ziggurat_e, grunt_hell_entry_demonic_statue,
          bh_walls_and_bars, drop_trap, grunt_guarded_unrand_obsidian_axe,
          serial_bayou_shore_b, uniq_asterion
Depths:2: cheibrodos_salmonella, layout_basic, hangedman_coc_ice_floe,
          serial_shops, bzr_entry_water, grunt_pan_entry_zigzag,
          abyss_entry_crystal, nicolae_shop_self_help,
          infiniplex_staircase_zigzag_3, uniq_sojobo
Depths:3: minmay_slanted_spiral_squares, layout_basic,
          nicolae_elyvilon_temple_path, hell_entry, minmay_room_of_horrors,
          kennysheep_generic_room_5, minmay_staircase_bubble, uniq_xtahua
Depths:4: evilmike_zot_entry_diamond, layout_long_grid, abyss_entry_flame_altar,
          serial_sigils_hangedman_gut, hell_entry, uniq_josephina
Zot:1:    lemuel_draconian_sentries_small, layout_basic, basic_altar,
          nicolae_transporter_intersection
Zot:2:    kennysheep_blocky_room, layout_concentric_octagons, lemuel_elevator
Zot:3:    kennysheep_blocky_hall, layout_concentric_octagons,
          lemuel_flame_loot_1
Zot:4:    layout_gridlike
Zot:5:    layout_cathedral_of_symmetry, hangedman_zot_decor_tridents

Skill      XL: |  1  2  3  4  5  6  7  8  9 10 11 12 13 14 15 16 17 18 19 20 21 22 23 24 25 26 27 |
---------------+----------------------------------------------------------------------------------+-----
Fighting       | 4 5 6 8 11 13 14 15 16 18 19 20 21 22 | 22.0
Dodging        | 1 3 4 7 9 10 11 13 14 20 | 20.0
Shields        | 4 |  4.0
Armour         | 4 6 8 11 17 18 20 | 20.0
Axes           | 2 10 11 15 18 20 21 22 23 24 | 24.0
Invocations    | 10 11 12 14 15 18 20 | 20.0
Spellcasting   | 3 8 9 10 12 | 12.5
Transmutations | 4 9 10 | 10.5
Earth Magic    | 4 10 | 10.5
Translocations | 2 8 13 15 16 | 16.9
Long Blades    | |  2.1

Action                   |  1- 3 |  4- 6 |  7- 9 | 10-12 | 13-15 | 16-18 | 19-21 | 22-24 | 25-27 || total
-------------------------+-------+-------+-------+-------+-------+-------+-------+-------+-------++-------
Melee: Long sword        |   111 |    19 |       |       |       |       |       |       |       ||   130
       Spear             |       |    68 |   322 |   741 |    26 |       |       |       |       ||  1157
       Scimitar          |       |       |    12 |       |       |       |       |       |       ||    12
       Battleaxe         |       |       |       |   140 |   135 |     6 |       |       |       ||   281
       Executioner's axe |       |       |       |       |   491 |   762 |   767 |   872 |  1748 ||  4640
       Punch             |       |       |       |       |     1 |       |       |       |       ||     1
       Headbutt          |       |       |       |       |       |       |       |    56 |   239 ||   295
Throw: Stone             |     1 |     2 |       |       |     1 |       |       |       |       ||     4
       Boomerang         |       |       |     5 |       |       |       |       |       |       ||     5
       Dart              |       |       |       |    25 |    38 |     8 |       |    12 |       ||    83
 Cast: Wereblood         |       |       |       |       |       |       |     9 |     6 |     1 ||    16
       Statue Form       |       |       |       |       |       |       |       |     2 |       ||     2
       Manifold Assault  |       |       |       |       |       |       |       |       |   303 ||   303
       Blink             |       |       |       |       |       |       |       |       |     1 ||     1
Invok: Divine Shield     |       |       |       |       |     2 |     1 |     9 |    28 |    18 ||    58
       Summon Divine War |       |       |       |       |       |     2 |     1 |     2 |     3 ||     8
       Cleansing Flame   |       |       |       |       |       |     1 |     1 |    12 |    12 ||    26
Evoke: Wand              |       |       |     4 |    12 |     4 |       |       |       |     1 ||    21
  Use: Scroll            |       |       |       |    24 |    10 |    10 |     4 |     4 |    11 ||    63
       Potion            |       |       |       |     5 |     1 |       |     1 |     1 |    22 ||    30
 Stab: Paralysed         |       |       |       |     8 |       |       |       |       |       ||     8
       Distracted        |       |       |       |     1 |       |       |       |       |       ||     1
Armor: Scale mail        |    60 |    26 |       |       |       |       |       |       |       ||    86
       Plate armour      |       |     6 |   148 |   147 |       |       |       |       |       ||   301
       Chain mail        |       |       |       |   283 |   303 |   305 |   304 |   397 |   474 ||  2066
       Skin              |       |       |       |    13 |       |       |       |       |       ||    13
Dodge: Dodged            |    43 |    23 |    75 |   492 |   464 |   565 |   413 |   672 |   873 ||  3620
Block: Buckler           |    26 |    15 |   124 |   233 |       |       |       |       |       ||   398
       Reflection        |       |       |     1 |       |       |       |       |       |       ||     1
       Other             |       |       |       |       |     7 |     1 |    63 |   240 |    90 ||   401

Table legend: (Time is in decaauts)
 A = Elapsed time spent in this place.
 B = Non-inter-level travel time spent in this place.
 C = Inter-level travel time spent in this place.
 D = Time resting spent in this place.
 E = Time spent auto-exploring this place.
 F = Levels seen in this place.
 G = Mean time per level.
                   A        B        C        D        E       F      G
               +--------+--------+--------+--------+--------+-----+--------+
         Total |  94428 |  87322 |   7106 |  34658 |  34306 |  54 | 1748.7 |
       Dungeon |  24994 |  22272 |   2722 |   8633 |   8782 |  15 | 1666.3 |
        Temple |    267 |    261 |      6 |    117 |      5 |   1 |  267.0 |
          Lair |   8832 |   8433 |    399 |   2992 |   4096 |   5 | 1766.4 |
        Shoals |   5108 |   4915 |    193 |   1800 |   2146 |   4 | 1277.0 |
     Snake Pit |   8552 |   8353 |    199 |   3002 |   3827 |   4 | 2138.0 |
  Orcish Mines |   3401 |   3103 |    298 |   1581 |    798 |   2 | 1700.5 |
   Elven Halls |   6145 |   5832 |    313 |   2472 |   1684 |   3 | 2048.3 |
        Vaults |  14124 |  13084 |   1040 |   5626 |   5187 |   5 | 2824.8 |
         Crypt |   3736 |   3621 |    115 |    714 |   2023 |   3 | 1245.3 |
        Depths |   8702 |   7481 |   1221 |   2603 |   3251 |   4 | 2175.5 |
           Zot |   6963 |   6368 |    595 |   3069 |   1707 |   5 | 1392.6 |
        Bazaar |    179 |    179 |      0 |      0 |    103 |   1 |  179.0 |
         Sewer |    759 |    759 |      0 |     54 |    546 |   1 |  759.0 |
        Wizlab |   2658 |   2658 |      0 |   1990 |    150 |   1 | 2658.0 |
               +--------+--------+--------+--------+--------+-----+--------+

Top non-repeatable levels by time:
Vaults:4: 4566 daAuts
   Zot:5: 3788 daAuts
 Snake:3: 2946 daAuts
 Snake:4: 2886 daAuts
Vaults:2: 2880 daAuts
     D:9: 2880 daAuts
Depths:2: 2850 daAuts
  WizLab: 2658 daAuts
Vaults:1: 2606 daAuts
Depths:1: 2437 daAuts
    D:12: 2389 daAuts
    D:14: 2324 daAuts
   Elf:3: 2300 daAuts
Vaults:3: 2159 daAuts
    D:10: 2158 daAuts
